[Event "Titled Tuesday Blitz May 9 Early 2023"]
[White "Titichoca Daza, Daniel"]
[Black "Winkels, Marcel"]
[WhiteFideId "3309550"]
[BlackFideId "1003887"]
[WhiteElo "2101"]
[BlackElo "1900"]
[Result "1-0"]
[Round "07"]
[TimeControl "180+2"]
[Date "2023.05.09"]
[WhiteClock "0:00:45"]
[BlackClock "0:00:00"]

1. c4 e5 2. Nc3 d6 3. Nf3 f5 4. d4 e4 5. Ng5 Be7 6. h4 h6 7. Nh3 Nf6 8. Nf4 O-O 9. Ng6 Re8 10. h5 c6 11. Bf4 Na6 12. e3 Be6 13. f3 d5 14. c5 Bf7 15. Ne5 Be6 16. Bxa6 bxa6 17. Nxc6 Qd7 18. Ne5 Qc8 19. fxe4 fxe4 20. O-O Rb8 21. Rb1 Rb7 22. Ng6 Bf7 23. b4 Bf8 24. Be5 Nh7 25. Rxf7 Rxf7 26. Nxd5 Ng5 27. Ndf4 Rd7 28. Qg4 Rdd8 29. Qg3 Qf5 30. Rf1 Qd7 31. d5 Nf7 32. Bd4 Qb7 33. Ne6 1-0


[Site "https://www.chess.com"]

[Event "Titled Tuesday Blitz May 9 Early 2023"]
[White "Luberanski, Jakub"]
[Black "Howell, David W L"]
[WhiteFideId "21830509"]
[BlackFideId "410608"]
[WhiteElo "2255"]
[BlackElo "2567"]
[Result "1/2-1/2"]
[Round "07"]
[TimeControl "180+2"]
[Date "2023.05.09"]
[WhiteClock "0:00:15"]
[BlackClock "0:00:08"]

1. e4 c5 2. Nf3 e6 3. d4 cxd4 4. Nxd4 a6 5. c4 Nf6 6. Nc3 d6 7. Be2 Nbd7 8. O-O Be7 9. f4 O-O 10. Be3 Qc7 11. Rc1 b6 12. b4 Bb7 13. Bd3 Rac8 14. Qe2 Qb8 15. f5 e5 16. Nb3 h5 17. Bg5 b5 18. cxb5 axb5 19. Bxb5 Nb6 20. a4 Rfd8 21. a5 Na8 22. Bc4 d5 23. Bxf6 Bxf6 24. Bxd5 Nc7 25. Bxb7 Qxb7 26. b5 h4 27. a6 Nxa6 28. bxa6 Qxb3 29. Nd5 Rxc1 30. Rxc1 Bg5 31. Rf1 Qa4 32. f6 g6 33. Kh1 Kh7 34. Qg4 Qxa6 35. Rg1 Bxf6 36. Qf3 Kg7 37. Rf1 Rd6 38. g4 g5 39. Qf5 h3 40. Nxf6 Rxf6 41. Qxg5+ Rg6 42. Qxe5+ f6 43. Qe7+ Kg8 44. Qe8+ Kg7 45. Qd7+ Kh6 46. Qf5 Qe2 47. Qf3 Qxf3+ 48. Rxf3 Rxg4 49. Rxh3+ Kg5 50. Re3 Kf4 51. Re2 Kf3 52. Re1 Rxe4 53. Rf1+ Kg4 54. Rxf6 Re1+ 55. Kg2 Re2+ 56. Kg1 Re1+ 57. Kf2 Ra1 58. Rg6+ Kh5 59. Rg8 Ra2+ 60. Kf3 Ra3+ 61. Kf4 Ra4+ 62. Kg3 Ra3+ 63. Kf4 Ra4+ 64. Kf5 Ra5+ 65. Kf6 Kh4 66. Rh8+ Kg4 67. h4 Rh5 68. Rxh5 Kxh5 69. Kf5 Kh6 70. Kg4 Kh7 71. h5 Kh8 72. Kg5 Kg8 73. h6 Kh8 74. Kg6 Kg8 75. h7+ Kh8 76. Kh6 1/2-1/2


[Site "https://www.chess.com"]

[Event "Titled Tuesday Blitz May 9 Early 2023"]
[White "Melikhov, Evgeny V."]
[Black "Iskusnyh, Sergei"]
[WhiteFideId "4122046"]
[BlackFideId "4120027"]
[WhiteElo "2158"]
[BlackElo "2492"]
[Result "1/2-1/2"]
[Round "07"]
[TimeControl "180+2"]
[Date "2023.05.09"]
[WhiteClock "0:00:07"]
[BlackClock "0:00:10"]

1. d4 d5 2. c4 c6 3. Nc3 Nf6 4. e3 a6 5. c5 e5 6. Na4 Nbd7 7. Nf3 e4 8. Nd2 Be7 9. Be2 O-O 10. O-O Qc7 11. f4 exf3 12. Bxf3 Re8 13. Nc3 Nf8 14. e4 dxe4 15. Ndxe4 Be6 16. Bg5 Nxe4 17. Nxe4 Bxg5 18. Nxg5 Rad8 19. Qd3 Qd7 20. Rad1 Bf5 21. Be4 Bxe4 22. Nxe4 Re7 23. Nd6 h6 24. d5 cxd5 25. Qxd5 Qe6 26. b4 Qxd5 27. Rxd5 Red7 28. Rdf5 f6 29. a4 Ng6 30. a5 Ne5 31. Rd1 Nc6 32. Rf4 Re7 33. Rc4 Rdd7 34. h3 Re5 35. Kf2 Rde7 36. Rcc1 Re2+ 37. Kg1 Rb2 38. Re1 Rxe1+ 39. Rxe1 Rxb4 40. Re8+ Kh7 41. Rc8 Nxa5 42. Rc7 Rb1+ 43. Kh2 Kg6 44. Ne8 Rc1 45. Rxg7+ Kf5 46. Nd6+ Ke6 47. Nxb7 Nxb7 48. Rxb7 Rxc5 49. Rb6+ Kf5 50. Rxa6 h5 51. Ra4 Kg5 52. h4+ Kf5 53. g3 Re5 54. Kg2 Re4 55. Ra5+ Kg4 56. Ra2 f5 57. Rb2 Rd4 58. Ra2 Re4 59. Rb2 f4 60. gxf4 Rxf4 61. Kh2 Kxh4 62. Ra2 Kg4 63. Rb2 h4 64. Ra2 h3 65. Rb2 Kh4 66. Ra2 Rg4 67. Rb2 Rg2+ 68. Rxg2 hxg2 69. Kxg2 1/2-1/2


[Site "https://www.chess.com"]

[Event "Titled Tuesday Blitz May 9 Early 2023"]
[White "Sharma, Dinesh K."]
[Black "Omariev, Maksim"]
[WhiteFideId "5004110"]
[BlackFideId "4193423"]
[WhiteElo "2334"]
[BlackElo "2369"]
[Result "0-1"]
[Round "07"]
[TimeControl "180+2"]
[Date "2023.05.09"]
[WhiteClock "0:00:53"]
[BlackClock "0:00:11"]

1. e4 c5 2. Nf3 d6 3. d4 cxd4 4. Nxd4 Nf6 5. Nc3 a6 6. Be3 Ng4 7. Bg5 h6 8. Bh4 g5 9. Bg3 Bg7 10. Be2 h5 11. h4 gxh4 12. Bxh4 Nc6 13. Nb3 Be6 14. Qd2 Qd7 15. O-O-O O-O-O 16. Kb1 Kb8 17. Nd5 f5 18. f3 Nge5 19. exf5 Bxf5 20. a3 Rdg8 21. Ka2 Bh6 22. Qc3 Rxg2 23. Bd3 Bxd3 24. cxd3 Bg7 25. d4 Ng6 26. Be1 h4 27. Qd3 h3 28. Bc3 Rh5 29. Ne3 Rg3 30. Ng4 Nf4 31. Qe4 Nd5 32. Be1 Rg2 33. Ne3 Nxe3 34. Qxe3 h2 35. Bc3 e5 36. dxe5 Bxe5 37. Bxe5 Nxe5 38. Qxe5 Rxe5 39. Rd4 Qf7 40. Rh4 Re3 41. R1xh2 Rxh2 42. Rxh2 Qxb3+ 43. Kb1 Re1# 0-1


[Site "https://www.chess.com"]

[Event "Titled Tuesday Blitz May 9 Early 2023"]
[White "Manukian, Artak"]
[Black "Srdanovic, Jovana"]
[WhiteFideId "13301373"]
[BlackFideId "954810"]
[WhiteElo "2130"]
[BlackElo "2169"]
[Result "1-0"]
[Round "07"]
[TimeControl "180+2"]
[Date "2023.05.09"]
[WhiteClock "0:00:39"]
[BlackClock "0:00:01"]

1. e4 c6 2. d4 d5 3. e5 Na6 4. c4 dxc4 5. Bxc4 Bf5 6. a3 e6 7. Nc3 Nc7 8. Nf3 h6 9. O-O Ne7 10. Qe2 Ned5 11. Ne4 Be7 12. Rd1 O-O 13. Bd2 Qd7 14. Rac1 Rad8 15. h3 Nb6 16. Bd3 Na4 17. Bf4 Nd5 18. Bg3 Qc7 19. Nd6 Bxd3 20. Rxd3 Bxd6 21. exd6 Qc8 22. Ne5 Nab6 23. b4 Nd7 24. b5 Nxe5 25. dxe5 Qd7 26. bxc6 bxc6 27. Qh5 Qb7 28. Bh4 Rd7 29. Rg3 Qb2 30. Re1 Qd2 31. Re2 Qd1+ 32. Kh2 g6 33. Qxh6 Qxe2 34. Bf6 Nxf6 35. exf6 Qh5 36. Qg7# 1-0


[Site "https://www.chess.com"]

[Event "Titled Tuesday Blitz May 9 Early 2023"]
[White "Harriott, Tyrell"]
[Black "Thorhallsson, Simon"]
[WhiteFideId "2086484"]
[BlackFideId "2310090"]
[WhiteElo "2107"]
[BlackElo "2108"]
[Result "0-1"]
[Round "07"]
[TimeControl "180+2"]
[Date "2023.05.09"]
[WhiteClock "0:00:47"]
[BlackClock "0:01:26"]

1. d4 Nf6 2. e3 g6 3. Bd3 Bg7 4. f4 O-O 5. Nf3 d6 6. O-O Nc6 7. e4 e5 8. d5 Nd4 9. fxe5 dxe5 10. Be3 Ng4 11. Bd2 Nxf3+ 12. Qxf3 f5 13. Nc3 c6 14. dxc6 bxc6 15. exf5 gxf5 16. Qxc6 Rb8 17. h3 Qd4+ 18. Kh1 Nf2+ 19. Rxf2 Qxf2 20. Bg5 Bb7 21. Qe6+ Kh8 22. Rg1 Qg3 23. Nd5 Bxd5 24. Qxd5 Qxg5 25. Bc4 Rxb2 26. Bb3 e4 27. Qa5 Qg3 28. Qxa7 Be5 0-1


[Site "https://www.chess.com"]

[Event "Titled Tuesday Blitz May 9 Early 2023"]
[White "Korpics, Zsolt"]
[Black "Jovic, Stanoje"]
[WhiteFideId "705241"]
[BlackFideId "905020"]
[WhiteElo "2349"]
[BlackElo "2236"]
[Result "0-1"]
[Round "07"]
[TimeControl "180+2"]
[Date "2023.05.09"]
[WhiteClock "0:00:00"]
[BlackClock "0:00:20"]

1. e4 c6 2. Nf3 d5 3. Nc3 dxe4 4. Nxe4 Nf6 5. Qe2 Nxe4 6. Qxe4 Qd5 7. Qh4 Bf5 8. Bc4 Qe4+ 9. Qxe4 Bxe4 10. Bxf7+ Kd8 11. d3 Bxf3 12. gxf3 e5 13. Bg5+ Be7 14. Rg1 Nd7 15. Kd2 Rf8 16. Bb3 g6 17. Ke3 Bxg5+ 18. Rxg5 Ke7 19. h4 Rf6 20. Rag1 Raf8 21. R1g3 Rf5 22. R5g4 Nf6 23. Rg5 Nh5 24. Rxf5 Rxf5 25. Rg5 Kf6 26. Rg4 Nf4 27. c3 c5 28. Bc2 Rh5 29. d4 Rxh4 30. dxe5+ Kxe5 31. Rg5+ Kd6 32. b4 Nd5+ 33. Kd2 cxb4 34. cxb4 Nxb4 35. Bb3 Nc6 0-1


[Site "https://www.chess.com"]

[Event "Titled Tuesday Blitz May 9 Early 2023"]
[White "Bilan, Danila"]
[Black "Llanos, Guillermo"]
[WhiteFideId "24161918"]
[BlackFideId "100358"]
[WhiteElo "2182"]
[BlackElo "2225"]
[Result "1-0"]
[Round "07"]
[TimeControl "180+2"]
[Date "2023.05.09"]
[WhiteClock "0:02:23"]
[BlackClock "0:01:32"]

1. d4 f5 2. Nf3 Nf6 3. g3 e6 4. Bg2 d5 5. O-O Bd6 6. c4 c6 7. Nc3 O-O 8. Bf4 Be7 9. Ne5 Bd7 10. f3 Be8 11. e4 fxe4 12. fxe4 Bh5 13. Qb3 b6 14. cxd5 cxd5 15. exd5 exd5 16. Nxd5 Nbd7 17. Nxf6+ 1-0


[Site "https://www.chess.com"]

[Event "Titled Tuesday Blitz May 9 Early 2023"]
[White "Sanhueza, Cristian"]
[Black "Todorovic, Bojan"]
[WhiteFideId "116815"]
[BlackFideId "917087"]
[WhiteElo "2174"]
[BlackElo "2266"]
[Result "1-0"]
[Round "07"]
[TimeControl "180+2"]
[Date "2023.05.09"]
[WhiteClock "0:00:02"]
[BlackClock "0:00:00"]

1. e4 g6 2. d4 Bg7 3. Be3 d6 4. Nc3 a6 5. Qd2 Nd7 6. Nf3 b5 7. Bd3 Bb7 8. O-O Ngf6 9. a3 O-O 10. Rfe1 e5 11. dxe5 Nxe5 12. Nxe5 dxe5 13. h3 Qd6 14. Rad1 c5 15. Bg5 c4 16. Bf1 Qxd2 17. Rxd2 Rfd8 18. Rxd8+ Rxd8 19. f3 h6 20. Bh4 g5 21. Bf2 Bf8 22. Rd1 Rxd1 23. Nxd1 Nd7 24. Ne3 Bc5 25. Nf5 Bxf2+ 26. Kxf2 h5 27. h4 gxh4 28. Nxh4 Nc5 29. Nf5 Kf8 30. Ke3 Bc8 31. Ng3 h4 32. Ne2 Be6 33. f4 f6 34. Ng1 Na4 35. Nf3 exf4+ 36. Kxf4 Nxb2 37. Nxh4 Nd1 38. e5 Ke7 39. exf6+ Kxf6 40. g4 Nc3 41. g5+ Ke7 42. Ke5 Bg8 43. g6 Nb1 44. Nf5+ Kd7 45. Bh3 Kd8 46. Nd6 Nxa3 47. Be6 b4 48. Bxg8 b3 49. cxb3 c3 50. Nb7+ Ke7 51. Nc5 c2 52. Nd3 Kf8 53. Bc4 Nb5 54. Kf6 1-0


[Site "https://www.chess.com"]

[Event "Titled Tuesday Blitz May 9 Early 2023"]
[White "ElenGajger"]
[Black "De Souza, Cristiano Gomes"]
[BlackFideId "2151758"]
[WhiteElo "2469"]
[BlackElo "2068"]
[Result "1-0"]
[Round "07"]
[TimeControl "180+2"]
[Date "2023.05.09"]
[WhiteClock "0:01:47"]
[BlackClock "0:01:54"]

1. e4 c5 2. Nc3 d6 3. f4 a6 4. Nf3 Bg4 5. h3 Bxf3 6. Qxf3 Nc6 7. Bc4 Nd4 8. Qf2 g6 9. d3 Bg7 10. O-O Nf6 11. e5 dxe5 12. fxe5 Nh5 13. Qxf7+ Kd7 14. Qd5+ Kc7 15. Qxc5+ Kb8 16. Rf2 b6 17. Qd5 Ra7 18. Be3 Qxd5 19. Nxd5 Nf5 20. Bxb6 Rb7 21. Bxa6 Rxb6 22. Nxb6 Bxe5 23. Nd7+ Ka7 24. Nxe5 Kxa6 25. g4 1-0


[Site "https://www.chess.com"]

[Event "Titled Tuesday Blitz May 9 Early 2023"]
[White "Begunov, Konstantin"]
[Black "Vifleemskaia, Svetlana"]
[WhiteFideId "4118510"]
[BlackFideId "4129490"]
[WhiteElo "2050"]
[BlackElo "1930"]
[Result "0-1"]
[Round "07"]
[TimeControl "180+2"]
[Date "2023.05.09"]
[WhiteClock "0:00:12"]
[BlackClock "0:00:55"]

1. d4 Nf6 2. c4 e6 3. Nf3 Bb4+ 4. Nbd2 Qe7 5. a3 Bxd2+ 6. Bxd2 Ne4 7. Bf4 d6 8. e3 f5 9. Nd2 Nxd2 10. Qxd2 e5 11. Bg3 f4 12. Bd3 fxg3 13. hxg3 e4 14. Bc2 Bg4 15. Qb4 b6 16. Kd2 c5 17. Qc3 Nd7 18. f3 exf3 19. Bg6+ Kd8 20. gxf3 Bxf3 21. Rxh7 Rxh7 22. Bxh7 Kc7 23. Rf1 Nf6 24. Rxf3 Nxh7 25. Qc2 Nf6 26. d5 Rh8 27. Qa4 Kb8 28. Kc2 Qe4+ 29. Kb3 Qxf3 30. Qc6 Qxe3+ 31. Ka2 Qe7 32. a4 Qd7 0-1


[Site "https://www.chess.com"]

[Event "Titled Tuesday Blitz May 9 Early 2023"]
[White "Zavortink, Matt"]
[Black "Mike24147"]
[WhiteFideId "2034263"]
[WhiteElo "2464"]
[BlackElo "2311"]
[Result "0-1"]
[Round "07"]
[TimeControl "180+2"]
[Date "2023.05.09"]
[WhiteClock "0:00:15"]
[BlackClock "0:00:39"]

1. Nf3 d5 2. g3 Nf6 3. Bg2 c6 4. c4 dxc4 5. O-O Nbd7 6. Na3 Nb6 7. Qc2 e6 8. Nxc4 Nxc4 9. Qxc4 Be7 10. b3 O-O 11. Bb2 Qa5 12. Rfd1 Rd8 13. d4 Bd7 14. Ne5 Be8 15. e4 Rac8 16. Nd3 c5 17. dxc5 Bb5 18. Qc2 Bxd3 19. Rxd3 Bxc5 20. Rxd8+ Qxd8 21. Rc1 Ng4 22. Qe2 Bxf2+ 23. Kf1 Rxc1+ 24. Bxc1 Qf6 25. Bf3 Bb6 26. Kg2 Ne5 27. Bb2 Qxf3+ 28. Qxf3 Nxf3 29. Kxf3 Kf8 30. g4 f6 31. h4 Ke7 32. h5 e5 33. Ba3+ Kf7 34. Ke2 Bd4 35. Kd3 b5 36. Bd6 g6 37. a4 a6 38. axb5 axb5 39. Ke2 gxh5 40. gxh5 Ke6 41. Bb8 f5 42. Kf3 Kf6 43. Bd6 fxe4+ 44. Kxe4 Kg5 45. Bxe5 Bxe5 46. Kxe5 Kxh5 47. Kd5 Kg4 48. Kc5 h5 49. Kxb5 h4 50. Ka6 h3 51. b4 h2 52. b5 h1=Q 53. b6 Qa8+ 54. Kb5 Qb8 0-1


[Site "https://www.chess.com"]

[Event "Titled Tuesday Blitz May 9 Early 2023"]
[White "Sowul, Bartosz"]
[Black "Szente Varga, Fruzsina"]
[WhiteFideId "1137590"]
[BlackFideId "712264"]
[WhiteElo "2188"]
[BlackElo "1994"]
[Result "0-1"]
[Round "07"]
[TimeControl "180+2"]
[Date "2023.05.09"]
[WhiteClock "0:00:16"]
[BlackClock "0:00:23"]

1. e4 Nf6 2. e5 Nd5 3. d4 d6 4. Nf3 g6 5. Bc4 c6 6. O-O Bg7 7. Re1 O-O 8. Nbd2 Bg4 9. h3 Bxf3 10. Nxf3 dxe5 11. dxe5 Nb6 12. Bb3 Na6 13. Be3 Nd5 14. Bg5 h6 15. Bd2 Nc5 16. Qe2 Ne6 17. Rad1 Qc7 18. Qe4 Rad8 19. c4 Nc5 20. Qe2 Nb6 21. Bc2 Rd7 22. b4 Ne6 23. Bc3 Rfd8 24. Rxd7 Rxd7 25. a4 c5 26. a5 Nc8 27. b5 b6 28. a6 Rd8 29. Rd1 Nf4 30. Rxd8+ Qxd8 31. Qe4 Ne6 32. Qc6 Nf4 33. Qe4 Ne6 34. g3 Ng5 35. Nxg5 hxg5 36. Qd5 Qxd5 37. cxd5 Kf8 38. f4 gxf4 39. gxf4 Ke8 40. Kg2 Kd7 41. Kf3 f6 42. Bxg6 fxe5 43. fxe5 e6 44. d6 Nxd6 45. exd6 Bxc3 46. Ke4 Kxd6 47. h4 Bg7 48. h5 c4 49. Ke3 Kc5 50. Be8 Bh6+ 51. Ke2 c3 52. Kd1 Kb4 53. Kc2 e5 54. Bc6 Bg7 55. Kb1 Kc4 56. Kc2 Kd4 57. Kd1 e4 58. Kc2 e3 59. Bf3 Kc5 60. Be2 Kb4 61. Bf1 Kc5 62. Be2 Kd4 63. Bf1 Ke4 64. Be2 Kf4 65. Kd3 Bh8 66. Kc2 Kg3 67. Kd3 Kf2 68. Bd1 Bg7 69. Bg4 c2 70. Kxc2 e2 71. Bxe2 Kxe2 72. Kb3 Kd3 73. Kb4 Kd4 74. Ka4 Kc5 75. Ka3 Kxb5 76. Kb3 Kxa6 77. Ka4 b5+ 78. Kb3 Kb6 79. Ka3 a5 80. Kb3 Kc5 81. Ka2 b4 82. Kb1 Kc4 83. Ka2 a4 84. Kb1 b3 85. Kc1 a3 86. Kd2 a2 0-1


[Site "https://www.chess.com"]

[Event "Titled Tuesday Blitz May 9 Early 2023"]
[White "koncheto"]
[Black "Vaglio Munoz, Jaime"]
[BlackFideId "6500145"]
[WhiteElo "2460"]
[BlackElo "2199"]
[Result "1-0"]
[Round "07"]
[TimeControl "180+2"]
[Date "2023.05.09"]
[WhiteClock "0:00:44"]
[BlackClock "0:00:44"]

1. e4 e6 2. d4 d5 3. Nd2 dxe4 4. Nxe4 Nf6 5. Bd3 Nbd7 6. Qe2 Nxe4 7. Qxe4 Nf6 8. Qh4 h6 9. Nf3 Be7 10. c3 b6 11. O-O Bb7 12. Ne5 a6 13. f4 Qd5 14. Qg3 g5 15. fxg5 hxg5 16. Bc4 Qe4 17. Re1 Qh4 18. Bxg5 Qxg3 19. hxg3 Rg8 20. Bf4 b5 21. Be2 Nd5 22. Bf3 Bg5 23. b3 O-O-O 24. Bxg5 Rxg5 25. Nxf7 Rxg3 26. Nxd8 Kxd8 27. c4 Rxf3 28. gxf3 Nf4 29. Re3 Kd7 30. Kh2 Kd6 31. Rae1 a5 32. Kg3 Nh5+ 33. Kh4 Ng7 34. Kg5 Bc8 35. Kf6 Ne8+ 36. Kf7 Kd7 37. Rxe6 bxc4 38. Rxe8 c3 39. Rxc8 Kxc8 40. Rc1 1-0


[Site "https://www.chess.com"]

[Event "Titled Tuesday Blitz May 9 Early 2023"]
[White "Shukhman, Anna"]
[Black "Sarkar, Justin"]
[WhiteFideId "54180058"]
[BlackFideId "2010011"]
[WhiteElo "2235"]
[BlackElo "2168"]
[Result "1-0"]
[Round "07"]
[TimeControl "180+2"]
[Date "2023.05.09"]
[WhiteClock "0:01:43"]
[BlackClock "0:00:00"]

1. e4 e5 2. Nf3 Nc6 3. Bb5 a6 4. Ba4 Nf6 5. O-O Be7 6. Re1 b5 7. Bb3 d6 8. c3 O-O 9. h3 Nb8 10. a4 Bb7 11. d3 Nbd7 12. Nbd2 Nc5 13. Bc2 Re8 14. a5 Bf8 15. b4 Ne6 16. d4 Nf4 17. Nf1 h6 18. Ng3 g6 19. dxe5 dxe5 20. Nxe5 Qxd1 21. Rxd1 Nxh3+ 22. gxh3 Rxe5 23. Bf4 Re7 24. f3 Bg7 25. Rd3 Nd7 26. Rad1 Ne5 27. Rd8+ Rxd8 28. Rxd8+ Kh7 29. Kf2 Nc6 30. Rd3 Be5 31. Bxe5 Nxe5 32. Rd8 Rd7 33. Rxd7 Nxd7 34. f4 Kg7 35. Ke3 f6 36. Kd4 Kf7 37. e5 fxe5+ 38. fxe5 g5 39. Bb3+ Ke8 40. Nf5 h5 41. Ng7+ Ke7 42. Nxh5 c5+ 43. bxc5 Nb8 44. Bd5 Nc6+ 45. Bxc6 Bxc6 46. Ng3 Ke6 47. Nf1 Bd5 48. Ne3 Bf3 49. Nc2 Bg2 50. Nb4 Bxh3 51. Nxa6 g4 52. c6 g3 53. c7 1-0


[Site "https://www.chess.com"]

[Event "Titled Tuesday Blitz May 9 Early 2023"]
[White "Bueno, Alfeu Junior Varela"]
[Black "Dinu, Dumitru-Daniel"]
[WhiteFideId "2108879"]
[BlackFideId "1208403"]
[WhiteElo "2175"]
[BlackElo "2240"]
[Result "1-0"]
[Round "07"]
[TimeControl "180+2"]
[Date "2023.05.09"]
[WhiteClock "0:00:34"]
[BlackClock "0:00:00"]

1. e4 c5 2. Nc3 Nc6 3. f4 g6 4. Nf3 Bg7 5. Bb5 Nd4 6. O-O Nxb5 7. Nxb5 d6 8. d3 Nf6 9. Qe1 O-O 10. Qh4 c4 11. Nc3 cxd3 12. cxd3 e6 13. Kh1 Nd7 14. Qh3 Nc5 15. d4 Nd7 16. f5 exf5 17. exf5 Nb6 18. g4 h5 19. gxh5 Bxf5 20. Qg3 gxh5 21. Rg1 Bg6 22. Nh4 Qd7 23. Nxg6 fxg6 24. Qxg6 Qf7 25. Bh6 Qxg6 26. Rxg6 Kh7 27. Rxg7+ Kxh6 28. Rxb7 Rf2 29. Re1 Kg5 30. Rg7+ Kf6 31. Ne4+ Kxg7 32. Nxf2 Rf8 33. Kg2 Nc4 34. b3 Nb6 35. Re6 Nd5 36. Rxd6 Ne3+ 37. Kg1 Rc8 38. Nd3 Rc3 39. Nf4 Rc1+ 40. Kf2 Ng4+ 41. Kg3 Rc3+ 42. Kh4 Nf6 43. Rxf6 Kxf6 44. Nd5+ 1-0


[Site "https://www.chess.com"]

[Event "Titled Tuesday Blitz May 9 Early 2023"]
[White "Jiganchine, Roman"]
[Black "Rios Escobar, Adan"]
[WhiteFideId "2603667"]
[BlackFideId "3403645"]
[WhiteElo "2270"]
[BlackElo "2410"]
[Result "0-1"]
[Round "07"]
[TimeControl "180+2"]
[Date "2023.05.09"]
[WhiteClock "0:01:22"]
[BlackClock "0:00:19"]

1. e4 c5 2. Nf3 d6 3. Bb5+ Nd7 4. a4 Nf6 5. Nc3 g6 6. O-O a6 7. Be2 Bg7 8. d4 cxd4 9. Qxd4 O-O 10. Nd5 Nxd5 11. Qxd5 Nf6 12. Qd3 Qc7 13. c3 b6 14. Bf4 Nd7 15. Qe3 Bb7 16. Bh6 Bxh6 17. Qxh6 Bxe4 18. Ng5 Nf6 19. Rfe1 Qc6 20. Bb5 axb5 21. Rxe4 Qxe4 22. Nxe4 Nxe4 23. Qe3 Nc5 24. Qxe7 Rfe8 25. Qxd6 Nxa4 26. h4 Rad8 27. Qxb6 Nxb6 0-1


[Site "https://www.chess.com"]

[Event "Titled Tuesday Blitz May 9 Early 2023"]
[White "Topalov, Aleksandar"]
[Black "Levitan, Caleb Levi"]
[WhiteFideId "925659"]
[BlackFideId "14332620"]
[WhiteElo "2151"]
[BlackElo "1963"]
[Result "0-1"]
[Round "07"]
[TimeControl "180+2"]
[Date "2023.05.09"]
[WhiteClock "0:00:00"]
[BlackClock "0:00:08"]

1. b3 d5 2. Bb2 Bf5 3. Nf3 e6 4. g3 Nf6 5. Bg2 Be7 6. O-O h6 7. d3 O-O 8. Nbd2 Bh7 9. c4 c5 10. Ne5 Nbd7 11. Nxd7 Qxd7 12. cxd5 exd5 13. Rc1 b6 14. e4 dxe4 15. dxe4 Rad8 16. Nc4 Qxd1 17. Rcxd1 Nxe4 18. Bxe4 Bxe4 19. Rde1 Bd3 20. Rxe7 Bxf1 21. Kxf1 b5 22. Ne3 Rd2 23. Be5 f6 24. Bc3 Rc2 25. Be1 Rxa2 26. Nf5 Rf7 27. Re8+ Kh7 28. Rc8 Rc2 29. h4 h5 30. Ne3 Rc1 31. Ke2 Rd7 32. Rb8 a6 33. Rb6 Ra1 34. Rc6 Ra2+ 35. Kf3 Ra3 36. Rxc5 Rxb3 37. Rc6 Ra7 38. Ba5 Ra3 39. Bb6 Ra8 40. Bd4 Rb3 41. Rc7 Kg6 42. Kf4 a5 43. Nd5 a4 44. Ne7+ Kh7 45. Nf5 Rg8 46. Bxf6 a3 47. Bxg7 Kg6 48. Be5 Rb4+ 49. Kf3 Kxf5 50. Bd6 a2 51. Ra7 Rb2 52. Rf7+ Ke6 0-1


[Site "https://www.chess.com"]

[Event "Titled Tuesday Blitz May 9 Early 2023"]
[White "Sargissyan, Sargis"]
[Black "Abrosimov, Vladimir"]
[WhiteFideId "13303210"]
[BlackFideId "4166892"]
[WhiteElo "2109"]
[BlackElo "2336"]
[Result "1-0"]
[Round "07"]
[TimeControl "180+2"]
[Date "2023.05.09"]
[WhiteClock "0:02:31"]
[BlackClock "0:02:12"]

1. e4 c5 2. Nf3 d6 3. d4 cxd4 4. Nxd4 Nf6 5. Nc3 a6 6. f4 e6 7. Qf3 Be7 8. Be3 Nbd7 9. g4 Qc7 10. g5 Ng8 11. O-O-O b5 12. f5 Bb7 13. fxe6 fxe6 14. Nxe6 Qc6 15. Nd5 Rc8 16. Bd3 Ne5 17. Nxg7+ Kd8 18. Bb6+ Qxb6 19. Ne6+ Kd7 20. Nxb6+ Kxe6 21. Qf5# 1-0


[Site "https://www.chess.com"]

[Event "Titled Tuesday Blitz May 9 Early 2023"]
[White "Sai Han Thiha"]
[Black "Tsyhanchuk, Stanislav"]
[WhiteFideId "13012290"]
[BlackFideId "13505130"]
[WhiteElo "1954"]
[BlackElo "2173"]
[Result "1-0"]
[Round "07"]
[TimeControl "180+2"]
[Date "2023.05.09"]
[WhiteClock "0:00:40"]
[BlackClock "0:00:25"]

1. d4 Nf6 2. c4 e6 3. Nf3 b6 4. g3 Bb7 5. Bg2 Bb4+ 6. Bd2 Bxd2+ 7. Qxd2 O-O 8. Nc3 c5 9. d5 exd5 10. cxd5 d6 11. O-O Nbd7 12. e4 Re8 13. Rfe1 a6 14. a4 Qc7 15. Nh4 c4 16. Nf5 g6 17. Qg5 Kh8 18. Nh6 Kg7 19. f4 Rad8 20. Nf5+ Kh8 21. Nh6 Kg7 22. Rad1 Bc8 23. Nf5+ Kh8 24. Nd4 Kg7 25. Kh1 Nc5 26. Nc6 Rd7 27. e5 dxe5 28. fxe5 Ng8 29. d6 Qb7 30. Ne7 Qa7 31. Ncd5 Ne6 32. Qh4 Nxe7 33. Qf6+ Kg8 34. Nxe7+ Rdxe7 35. dxe7 Qxe7 36. Bd5 Qxf6 37. exf6 b5 38. axb5 axb5 39. Bc6 Rf8 40. Bxb5 Bb7+ 41. Kg1 Rc8 42. Bd7 Rd8 43. Bxe6 Rxd1 44. Rxd1 fxe6 45. f7+ Kxf7 46. Rd7+ Kf6 47. Rxb7 Ke5 48. Kf2 Kd4 49. Re7 e5 50. Kf3 g5 51. g4 h6 52. h3 Kd5 53. Ke3 Kd6 54. Rh7 Kd5 55. Rxh6 e4 56. Rg6 c3 57. Rxg5+ Kc4 58. bxc3 Kxc3 59. Kxe4 Kc4 60. h4 Kc3 61. h5 Kd2 62. Rf5 Ke1 63. h6 Kd1 64. h7 Kc1 65. h8=Q Kb1 66. Qe5 Kc2 67. Kf4 Kc1 68. Rf6 Kd1 69. Rd6+ Kc1 70. Qe7 Kc2 71. Qc7+ Kb1 72. Rd8 Ka1 73. Rb8 Ka2 74. Qa7# 1-0


[Site "https://www.chess.com"]

[Event "Titled Tuesday Blitz May 9 Early 2023"]
[White "Kuchava, Ana"]
[Black "Szyszylo, Rafal"]
[WhiteFideId "13605348"]
[BlackFideId "1109626"]
[WhiteElo "2001"]
[BlackElo "1951"]
[Result "0-1"]
[Round "07"]
[TimeControl "180+2"]
[Date "2023.05.09"]
[WhiteClock "0:00:00"]
[BlackClock "0:00:21"]

1. d4 d6 2. Nf3 g6 3. c4 Bg7 4. Nc3 Nf6 5. e4 O-O 6. Be2 Na6 7. O-O e5 8. Re1 Bg4 9. dxe5 dxe5 10. Nxe5 Qxd1 11. Bxd1 Bxd1 12. Nxd1 Rfe8 13. f4 Nc5 14. Nc3 Nfd7 15. Nxd7 Bxc3 16. bxc3 Nxd7 17. Ba3 Nb6 18. Bc5 Nxc4 19. Rad1 b6 20. Bf2 Rad8 21. e5 c5 22. Kf1 Nb2 23. Rxd8 Rxd8 24. Ke2 c4 25. Be3 f5 26. Rb1 Na4 27. Rc1 Rd3 28. Bd4 Kf7 29. g3 Ke6 30. Rc2 Kd5 31. Rc1 h5 32. Rc2 h4 33. Kf2 h3 34. Ke2 b5 35. Kf2 a5 36. Ke2 b4 37. Be3 Nxc3+ 38. Kf2 b3 0-1


[Site "https://www.chess.com"]

[Event "Titled Tuesday Blitz May 9 Early 2023"]
[White "Botez, Alexandra"]
[Black "Balla, Tamas-Kristof"]
[WhiteFideId "2603365"]
[BlackFideId "1208497"]
[WhiteElo "2040"]
[BlackElo "2334"]
[Result "0-1"]
[Round "07"]
[TimeControl "180+2"]
[Date "2023.05.09"]
[WhiteClock "0:00:01"]
[BlackClock "0:00:12"]

1. d4 d5 2. c4 e6 3. Nf3 c5 4. cxd5 exd5 5. Nc3 Nc6 6. e3 Nf6 7. Bd2 Bd6 8. Bd3 cxd4 9. Nxd4 Nxd4 10. exd4 O-O 11. O-O a6 12. h3 Be6 13. Bg5 Rc8 14. Qf3 Be7 15. Rfe1 Qb6 16. Re2 Qxd4 17. Be3 Qxd3 18. Rd1 Qg6 19. Bd4 Ne4 20. Rde1 Nxc3 21. bxc3 Bf6 22. Kh2 Bxd4 23. cxd4 h6 24. Re3 Rc2 25. a3 Rfc8 26. Qf4 Rd2 27. Rg3 Qf5 28. Qxh6 g6 29. Qxd2 Rc2 30. Qe3 Rxf2 31. Re2 Rf1 32. Rf3 Rxf3 33. Qxf3 Qb1 34. Qg3 Qb6 35. Qe5 Qb3 36. Re3 Qb6 37. Rf3 Qd8 38. Rf4 b5 39. Rf3 a5 40. Rb3 Qb6 41. Qe3 b4 42. axb4 axb4 43. Qd2 Qd6+ 44. g3 Qd8 45. Rxb4 Qf6 46. Rb8+ Kg7 47. Qg2 Qxd4 48. Rb2 Qe5 49. Rd2 Qf5 50. Qe2 Qxh3+ 51. Kg1 Qxg3+ 52. Qg2 Qe3+ 53. Qf2 Qg5+ 54. Kf1 Qe5 55. Kg2 Qg5+ 56. Kf1 Qh5 57. Qd4+ Kg8 58. Qf2 Qh1+ 59. Qg1 Qf3+ 60. Qf2 Qc3 61. Kg1 Qe5 62. Kf1 Qa1+ 63. Kg2 Qa3 64. Rb2 Qh3+ 65. Kg1 Kg7 66. Qd4+ Kh7 67. Rb8 Qg3+ 68. Kf1 Qxb8 69. Qh4+ Kg7 70. Qd4+ Kg8 71. Qf6 Qd6 72. Ke1 d4 73. Kd2 Qd5 74. Qe7 d3 75. Qe8+ Kg7 76. Qe7 Qe4 77. Qc5 Qe2+ 78. Kc3 d2 79. Qd4+ Kh7 80. Qh4+ Kg7 81. Qd4+ f6 82. Qa7+ Bf7 83. Qd4 d1=Q 0-1


[Site "https://www.chess.com"]